 Dungeon Crawl Stone Soup version 0.25.1-2-g60ff931df9 (webtiles) character file.

Game seed: 15767754026574423244

55 Delamore the Skirmisher (level 3, 0/24 HPs)
             Began as a Gargoyle Fighter on Aug 26, 2020.
             Slain by an adder (3 damage)
             ... on level 2 of the Dungeon.
             The game lasted 00:01:08 (1021 turns).

Delamore the Skirmisher (Gargoyle Fighter)          Turns: 1021, Time: 00:01:08

Health: 0/24       AC: 12    Str: 20    XL:     3   Next: 93%
Magic:  3/3        EV:  5    Int:  8    God:
Gold:   98         SH:  9    Dex:  9    Spells: 2/2 levels left

rFire    . . .     SeeInvis .   a - +0 flail
rCold    . . .     Gourm    .   c - +0 kite shield
rNeg     + . .     Faith    .   j - +0 chain mail (curse)
rPois    ∞         Spirit   .   (no helmet)
rElec    +         Reflect  .   (no cloak)
rCorr    .         Harm     .   (no gloves)
MR       .....                  (no boots)
Stlth    ..........             (no amulet)
HPRegen  0.08/turn              (no ring)
MPRegen  0.08/turn              (no ring)

@: no status effects
A: negative energy resistance 1, electricity resistance, unbreathing,
petrification resistance, rot immunity, AC +3
a: no special abilities


You were on level 2 of the Dungeon.
You were hungry.

You visited 1 branch of the dungeon, and saw 2 of its levels.

You collected 98 gold pieces.

Inventory:

Hand Weapons
 a - a +0 flail (weapon)
Armour
 b - a +0 scale mail
 c - a +0 kite shield (worn)
 j - a cursed +0 chain mail (worn)
Scrolls
 e - a scroll of noise {unknown}
 k - a scroll of immolation {unknown}
 l - 2 scrolls of remove curse {unknown}
 m - a scroll of enchant weapon {unknown}
 n - a scroll of teleportation {unknown}
Potions
 d - a potion of might
 h - a potion of mutation {unknown}
 i - 2 potions of curing {unknown}
 o - a potion of stabbing {unknown}
Comestibles
 f - 2 rations
 g - 5 chunks of flesh


   Skills:
 + Level 3.9 Fighting
 + Level 3.1 Maces & Flails
 - Level 3.2 Armour
 + Level 3.9 Shields


You had 2 spell levels left.
You didn't know any spells.
Your spell library was empty.

Dungeon Overview and Level Annotations

Branches:
Dungeon (2/15)

Altars:


Innate Abilities, Weirdness & Mutations

You are resistant to torment.
Your stone body is resilient. (AC +3)
You are immune to poison.
You resist negative energy. (rN+)
You are resistant to electric shocks. (rElec)
You can survive without breathing.
You are immune to petrification.
You are immune to rotting.


Message History

The hobgoblin barely misses you. The goblin hits you but does no damage.
The hobgoblin hits you but does no damage.
You block the adder's attack.
Robin zaps a wand.
You resist with significant effort. The goblin hits you but does no damage.
You sock Robin!
You kill Robin!
The goblin no longer looks unusually strong.
You block the goblin's attack. The hobgoblin hits you with a +0 club.
* * * LOW HITPOINT WARNING * * *
You block the goblin's attack. The adder bites you but does no damage.
The hobgoblin hits you but does no damage.
You block the goblin's attack. The goblin hits you.
* * * LOW HITPOINT WARNING * * *
The hobgoblin hits you but does no damage.
The goblin hits you but does no damage. You block the adder's attack.
Items here: ! ) / [[ ††† Unknown command.
The adder barely misses you. The adder bites you.
You die...

........##'##
##########.#
#.# #.# #.#
#.# #
#.########.##
#÷...........
#@.##...##.#
#S.##...# .#
#..##...##.##
#..g#.......#
#.#g#....#..#
#.#+#g.....#
.#
#....gg....#
..
#.......)%.#
##
#.......)..#


You could see an adder, 2 hobgoblins and 3 goblins.

Vanquished Creatures
  Robin (D:2)
  An ooze (D:1)
  A dart slug (D:1)
  2 leopard geckos (D:1)
  A giant cockroach (D:1)
  6 goblins
  8 hobgoblins
  8 kobolds
  A quokka (D:2)
  A bat (D:1)
  A frilled lizard (D:1)
  4 rats
35 creatures vanquished.

Notes
Turn   | Place    | Note
-------+----------+-------------------------------------------
     0 | D:1      | Delamore the Gargoyle Fighter began the quest for the Orb.
     0 | D:1      | Reached XP level 1. HP: 14/14 MP: 1/1
   150 | D:1      | Reached XP level 2. HP: 18/19 MP: 2/2
   540 | D:1      | Reached XP level 3. HP: 23/23 MP: 3/3
   990 | D:2      | Noticed Robin
  1013 | D:2      | Killed Robin
  1021 | D:2      | Slain by an adder

Illustrated notes

Levels and vault maps discovered:
D:1:      lemuel_arrival_room, layout_loops_corners
D:2:      layout_basic, uniq_robin, uniq_terence

Skill      XL: |  1  2  3 |
---------------+----------+-----
Maces & Flails | 3 |  3.1
Fighting       | |  3.9
Armour         | |  3.2
Shields        | |  3.9

Action                   || total
-------------------------++-------
Melee: Flail             ||   119
Armor: Scale mail        ||    12
       Chain mail        ||   142
Dodge: Dodged            ||    49
Block: Kite shield       ||   106
